 Dungeon Crawl Stone Soup version 0.22-a0-136-g83a10e5 (webtiles) character file.

101 Borgoz the Skirmisher (level 4, -5/40 HPs)
             Began as a Hill Orc Abyssal Knight on Feb 4, 2018.
             Was a Follower of Lugonu.
             Slain by a gnoll
             ... wielding a +0 spear
              (9 damage)
             ... on level 1 of the Dungeon.
             The game lasted 00:03:37 (2031 turns).

Borgoz the Skirmisher (Hill Orc Abyssal Knight)     Turns: 2031, Time: 00:03:38

Health: -5/40      AC:  3    Str: 14    XL:     4   Next: 75%
Magic:  6/6        EV: 11    Int: 12    God:    Lugonu [*.....]
Gold:   42         SH:  4    Dex: 13    Spells: 3/3 levels left

rFire    . . .     SeeInvis .   a - +1 hand axe
rCold    . . .     Gourm    .   e - +0 buckler
rNeg     . . .     Faith    .   b - +0 leather armour
rPois    .         Spirit   .   (no helmet)
rElec    .         Reflect  .   (no cloak)
rCorr    .         Harm     .   (no gloves)
MR       .....                  (no boots)
Stlth    +.........             (no amulet)
HPRegen  0.13/turn              k - +2 ring of dexterity
MPRegen  0.10/turn              (no ring)

@: no status effects
A: no striking features
a: Depart the Abyss, Renounce Religion


You were on level 1 of the Dungeon.
You worshipped Lugonu.
Lugonu was aware of your devotion.
You were near starving.

You visited 1 branch of the dungeon, and saw 2 of its levels.
You visited the Abyss 1 time.

You collected 42 gold pieces.

Inventory:

Hand Weapons
 a - a +1 hand axe (weapon)
Armour
 b - a +0 leather armour (worn)
 e - a +0 buckler (worn)
Jewellery
 i - a cursed amulet of inaccuracy {unknown}
 k - a +2 ring of dexterity (left hand)
 p - an uncursed ring of wizardry {unknown}
Scrolls
 f - 2 scrolls of identify
 m - a scroll of remove curse {unknown}
Potions
 h - a potion of invisibility
 l - 3 potions of heal wounds {unknown}
 o - a potion of haste {unknown}
Comestibles
 c - 2 rations


   Skills:
 + Level 4.2 Fighting
 + Level 3.4 Axes
 + Level 2.9 Armour
 + Level 1.4 Dodging
 + Level 1.8 Shields
 + Level 3.4 Invocations


You had 3 spell levels left.
You didn't know any spells.

Dungeon Overview and Level Annotations

Branches:
Dungeon (2/15)

Altars:


Message History

You are too injured to fight recklessly!
You hit the gnoll.
The gnoll is severely wounded.
The gnoll closely misses you.
You hit the gnoll.
The gnoll is severely wounded.
The gnoll hits you with a spear!
* * * LOW HITPOINT WARNING * * *
The gnoll barely misses you.
You completely miss the gnoll.
The gnoll is severely wounded.
The gnoll hits you with a spear.
* * * LOW HITPOINT WARNING * * *
You hit the gnoll but do no damage.
The gnoll is severely wounded.
The gnoll closely misses you.
You barely miss the gnoll.
The gnoll is severely wounded.
The gnoll hits you with a spear!
You die...

...#####.# #####.##### #....#.###
.#.......# #.# #....#.###
.........#######'#######....####.
.#...#...........(.......####....
....##.............###.>##.......
.....#.......).....+....#......♣♣
###..#.............###.#.....♣♣♣
.†...#.................(...♣♣♣
###.##.....#####@...#....♣♣♣
###..#.##### #g##...♣♣♣♣ .....#.#
#....♣♣♣ ♣♣♣ ######.# ##.....♣
♣♣♣♣.. .......# ##.....♣♣ ♣♣...♣♣
######## ##.....♣♣ ♣♣♣♣.♣♣♣.♣
###.....♣♣ ♣♣♣...♣♣ ♣♣)
##.....♣♣♣♣♣♣...♣♣♣ ♣♣
##..♣♣♣♣♣♣≈≈≈..♣♣♣ ♣


You could see a gnoll.

Vanquished Creatures
  2 gnolls (D:2)
  5 adders (D:2)
  2 dart slugs
  2 leopard geckos
  6 bats
  2 giant cockroaches (D:2)
  6 goblins
  3 hobgoblins
  A ball python (D:1)
  2 frilled lizards (D:1)
  3 kobolds (D:1)
  2 rats
36 creatures vanquished.

Notes
Turn   | Place    | Note
-------+----------+-------------------------------------------
     0 | Abyss:1  | Borgoz the Hill Orc Abyssal Knight began the quest for the Orb.
     0 | Abyss:1  | Reached XP level 1. HP: 19/19 MP: 2/2
   109 | Abyss:3  | Found a corrupted altar of Lugonu.
   114 | Abyss:3  | Noticed a small abomination
   118 | D:1      | Escaped the Abyss
   573 | D:1      | Reached * piety under Lugonu
   617 | D:1      | Reached XP level 2. HP: 27/27 MP: 3/3
   787 | D:1      | Reached skill level 1 in Dodging
   798 | D:1      | Reached skill level 1 in Shields
  1420 | D:2      | Reached XP level 3. HP: 28/33 MP: 5/5
  1476 | D:2      | Reached skill level 4 in Fighting
  1630 | D:2      | Reached XP level 4. HP: 36/40 MP: 6/6
  2031 | D:1      | Slain by a gnoll

Vault maps used:
D:1:      kilobyte_arrival_exit_the_forest, serial_glass, glass_columns_c,
          glass_columns_a, minmay_door_square, minmay_split_cup_small
D:2:      nicolae_ru_path_of_blood, amethyst_overflow_temple_binary,
          minivault_26, minmay_hexomino_r4, uniq_robin
Abyss:1:  hangedman_abyss_or_decor_jellyfish_corner
Abyss:3:  hangedman_abyss_lost_library, nicolae_abyss_rune_star_stuff

Skill      XL: |  1  2  3 |
---------------+----------+-----
Dodging        | 1 |  1.4
Shields        | 1 |  1.8
Axes           | 3 |  3.4
Fighting       | 4 |  4.2
Invocations    | 3 |  3.4
Armour         | |  2.9

Action                   |  1- 3 |  4- 6 || total
-------------------------+-------+-------++-------
Melee: Hand axe          |    89 |    30 ||   119
Invok: Depart the Abyss  |     1 |       ||     1
  Use: Scroll            |     4 |       ||     4
       Potion            |       |     4 ||     4
  Eat: Chunk             |     2 |       ||     2
Armor: Leather armour    |    22 |     3 ||    25
       Skin              |       |    47 ||    47
Dodge: Dodged            |    59 |    25 ||    84
Block: Buckler           |    15 |    15 ||    30

Table legend:
 A = Spawn XP
 B = Non-spawn XP
 C = Spawn XP percentage of total XP
 D = Spawn monster count
 E = Non-spawn monster count
 F = Spawn count percentage of total count
 G = Total turns spent on level
                    A         B        C        D         E        F      G
               +---------+---------+-------+---------+---------+-------+---------
         Total |       0 |     145 |   0.0 |       0 |      36 |   0.0 |  2031
               +---------+---------+-------+---------+---------+-------+---------
           D:1 |       0 |      27 |   0.0 |       0 |      17 |   0.0 |  1582
           D:2 |       0 |     118 |   0.0 |       0 |      19 |   0.0 |   331
               +---------+---------+-------+---------+---------+-------+---------
